AoeStats
← ThePurifier

Arabia

509778910Analyzed
1v1 RM · 6d ago on Sep 28, 2026· 40m 4s· 2 players
Game mode
Random Map
Map size
Tiny (2 player)
Population
200
Speed
Normal
Resources
Standard
Victory
Conquest
Starting age
Dark Age
Ending age
Imperial Age
RankedLock teamsTeams togetherTeam positionsShared explorationLock speedFull tech treeHidden civsTurbo modeCheats
Victory
Defeat
🇦🇷 Vietnamese · Argentina
1044
+16
🇦🇷 Mongols · Argentina
1038
-16
ThePurifier
0:26 Loom
9:34 Feudal Age
15:46 Double-Bit Axe
20:15 Castle Age
18:20 Gold Mining
19:09 Scale Barding Armor
21:00 Wheelbarrow
21:16 Chain Barding Armor
21:23 Bloodlines
21:45 Husbandry
29:50 Forging
42:46 Imperial Age
40:28 Thumb Ring
40:46 Ballistics
Space
6:44 Loom
9:22 Feudal Age
18:14 Castle Age
17:19 Fletching
17:23 Horse Collar
17:30 Double-Bit Axe
19:45 Wheelbarrow
19:33 Bow Saw
20:03 Bloodlines
19:53 Bodkin Arrow
20:55 Stone Mining
21:04 Gold Mining
22:39 Heavy Plow
31:09 Ballistics
34:58 Imperial Age
36:49 Two-Man Saw
39:53 Chemistry
Connection lost

Rejoining the realm…

Still unreachable

The connection could not be restored.

Session expired

The server has moved on; the page needs a fresh start.